 Dungeon Sprint DCSS version 0.29.1-2-gbd0b4ee654 (webtiles) character file.

Game seed: 5208042524084171482

5800000 Ashen the Archmage (level 27, -59/228 HPs)
             Began as a Djinni Warper on Oct 25, 2022.
             Was the Champion of Makhleb.
             Annihilated by a destroyer
             ... wielding a +9 vorpal great sword
              (174 damage)
             ... in the Dungeon (Sprint VIII: "Arena of Blood").
             The game lasted 00:03:12 (58 turns).

Ashen the Archmage (Djinni Warper)                    Turns: 58, Time: 00:03:18

Health: -59/228    AC:  6    Str: 10    XL:     27
Gold:   0          EV: 26    Int: 27    God:    Makhleb [******] SH:  0 Dex: 15

rFire   + + .      SeeInvis .   i - +∞ Axe of Woe
rCold   x . .      Faith    .   (shield currently unavailable)
rNeg    . . .      Spirit   .   b - +0 leather armour
rPois   ∞          Reflect  .   (no helmet)
rElec   .          Harm     .   (no cloak)
rCorr   .          Rampage  .   (no gloves)
Will    ++...      NoTele   +   (boots unavailable)
Stlth   +++++++++.              (no amulet)
HPRegen 0.48/turn               (no ring)
MPRegen 0.00/turn               (no ring)

@: death channelling, flying, slowed, very slow
A: sickness immunity, fire resistance 2, cold vulnerability 1, float, innate
caster, HP casting, extra vitality 1
a: Renounce Religion, Minor Destruction, Lesser Servant of Makhleb, Major
Destruction, Greater Servant of Makhleb


You were in the Dungeon.
You worshipped Makhleb.
Makhleb was exalted by your worship.
You visited 1 branch

Inventory:

Hand Weapons
 a - a +0 hand axe
 i - the +∞ Axe of Woe (weapon)
   (You found it in the Dungeon)
Missiles
 d - 7 boomerangs of dispersal (quivered)
Armour
 b - a +0 leather armour (worn)
Scrolls
 c - 2 scrolls of blinking
Potions
 e - a potion of curing
 f - a potion of heal wounds
 g - a potion of haste
 h - a potion of berserk rage


   Skills:
 O Level 27 Fighting
 O Level 27 Short Blades
 O Level 27 Long Blades
 O Level 27 Axes
 O Level 27 Maces & Flails
 O Level 27 Polearms
 O Level 27 Staves
 O Level 27 Ranged Weapons
 O Level 27 Throwing
 O Level 27 Armour
 O Level 27 Dodging
 O Level 27 Stealth
 O Level 27 Shields
 O Level 27 Unarmed Combat
 O Level 27 Spellcasting
 O Level 27 Invocations
 O Level 27 Evocations


You couldn't memorise any spells.
You knew the following spells:

 Your Spells              Type           Power      Damage    Failure   Level
a - Blink                 Tloc           100%       N/A       0%          2
b - Lesser Beckoning      Tloc           100%       N/A       0%          3
c - Gell's Gravitas       Tloc           100%       N/A       0%          3
d - Teleport Other        Tloc           100%       N/A       0%          3
e - Manifold Assault      Tloc           100%       N/A       0%          5
f - Magic Dart            Conj           100%       1d8       0%          1
g - Static Discharge      Conj/Air       100%       3-16/arc  0%          2
h - Inner Flame           Hex/Fire       100%       N/A       0%          3
i - Flame Wave            Conj/Fire      100%       2d21      0%          4
j - Blade Hands           Tmut           55%        N/A       0%          5
k - Metabolic Englaciati  Hex/Ice        55%        N/A       0%          5
l - Statue Form           Tmut/Erth      73%        N/A       0%          6
m - Monstrous Menagerie   Summ           55%        N/A       0%          7
n - Death Channel         Necr           55%        N/A       0%          6
o - Ozocubu's Refrigerat  Ice            55%        4d19      0%          7
p - Summon Horrible Thin  Summ           55%        N/A       1%          8
q - Lehudib's Crystal Sp  Conj/Erth      55%        10d13     1%          8
r - Polar Vortex          Ice            55%        N/A       1%          9
Your spell library was empty.

Dungeon Overview and Level Annotations

Branches:
Dungeon (1/1)

Altars:
Makhleb

Annotations:
D The Servant


Innate Abilities, Weirdness & Mutations

You are immune to sickness and miasma.
You are immune to poison.
Your flesh is very heat resistant. (rF++)
You are vulnerable to cold. (rC-)
You float through the air rather than walking.
You learn spells naturally, not from books.
Your magical power is your life essence.
You have superior vitality. (+4 MHP)


Message History

You kill the bag of meat!
Makhleb accepts your kill.
The large bag of meat explodes!
The fiery explosion engulfs the bag of meat!!
The fiery explosion engulfs the eight-headed meat hydra!!
The fiery explosion engulfs your spectral bag of meat!!
The fiery explosion engulfs your spectral meat berserker!
You hear a shout! x3
Your spectral meat berserker is engulfed in blazing flames.
Your spectral bag of meat is engulfed in blazing flames.
Your spectral meat berserker is smitten.
A meat berserker comes into view. It is wielding a +9 battleaxe.
The Servant hits your spectral bag of meat with a +9 glaive of flaming!!!!
The Servant burns your spectral bag of meat!
The eight-headed meat hydra is engulfed in blazing flames.
The eight-headed meat hydra calls on the powers of darkness!
The eight-headed meat hydra convulses!
The bag of meat convulses!
Your body is wracked with pain!
You hear a shout!
Your spectral bag of meat hits the destroyer but does no damage.
Your spectral bag of meat hits the meat berserker.
You hear a shout!
Your spectral meat berserker hits the destroyer!
A bag of meat comes into view. It is wielding a +9 war axe. x2
Something hits your spectral bag of meat.
A bag of meat comes into view. It is wielding a +9 war axe.
Your spectral bag of meat hits the destroyer but does no damage.
The meat berserker hits your spectral bag of meat with a +9 battleaxe!!!
The meat berserker hits your spectral bag of meat with a +9 battleaxe!!
The meat berserker hits your spectral bag of meat with a +9 battleaxe!!!
Your spectral bag of meat is destroyed!
The meat berserker hits your spectral bag of meat with a +9 battleaxe!!
The meat berserker hits something with a +9 battleaxe!!
Your spectral meat berserker is engulfed in blazing flames.
Your spectral bag of meat hits the destroyer but does no damage.
Your spectral meat berserker completely misses The Servant.
A meat berserker comes into view. It is wielding a +9 battleaxe.
The destroyer hits you with a +9 vorpal great sword!!!!!
Ouch! That really hurt!
You die... )○))....#.#)..) ).).........)... o§.............. ).ZZZ)Z..)..)...
Z.ZZ)....Z....) )OZZZZZZZZZZZo) #ZZZZZZZ# #ZZZ@ZZ.#

..
.###ZZVZZZZ###§○.
.)ZZZZ###ZZZ.Z)..
OZ.Z.Z._.ZZZZ☼)○.
o.ZZ#....)#..Z)°.
§ZZ)#_.<._#§ZZ@..
DZ§.#.)..o#§ZZZ○.
V§.)O.._)...☼.O°.
§)....###........


You could see The Servant (ally target), an eight-headed meat hydra (ally
target), 2 destroyers, 3 meat berserkers, 3 bags of meat, 38 friendly spectral
bags of meat, 20 friendly spectral meat berserkers and 5 friendly spectral large
bags of meat.

Vanquished Creatures
  A royal mummy (D)
  17 vampire knights (D)
  32 ogres (D)
  10 two-headed ogres (D)
  3 liches (D)
  A hydra (D)
  77 orcs (D)
  10 skeletal warriors (D)
151 creatures vanquished.

Notes
Turn   | Place    | Note
-------+----------+-------------------------------------------
     0 | D        | Found the +∞ Axe of Woe
     0 | D        | Ashen the Djinni Warper began the quest for the Orb.
     0 | D        | Ashen set off with the following spells memorised: Blink,
                  | Lesser Beckoning, Gell's Gravitas, Teleport Other, Manifold
                  | Assault.
     0 | D        | Reached XP level 1. HP: 18/18 MP: 0/0
     1 | D        | Noticed a bag of meat
     2 | D        | Noticed a meat berserker
     3 | D        | Killed a meat berserker
     3 | D        | Noticed a meat berserker
     3 | D        | Noticed a bag of meat
     3 | D        | Noticed a bag of meat
     4 | D        | Reached skill level 10 in Fighting
     4 | D        | Reached XP level 2. HP: 36/36 MP: 0/0
     4 | D        | Reached XP level 3. HP: 41/41 MP: 0/0
     4 | D        | Learned a level 1 spell: Magic Dart
     4 | D        | Reached XP level 4. HP: 47/47 MP: 0/0
     4 | D        | Reached XP level 5. HP: 52/52 MP: 0/0
     4 | D        | Learned a level 2 spell: Static Discharge
     4 | D        | Reached XP level 6. HP: 58/58 MP: 0/0
     4 | D        | Reached XP level 7. HP: 64/64 MP: 0/0
     4 | D        | Learned a level 3 spell: Inner Flame
     4 | D        | Reached XP level 8. HP: 69/69 MP: 0/0
     4 | D        | Reached XP level 9. HP: 75/75 MP: 0/0
     4 | D        | Learned a level 4 spell: Flame Wave
     4 | D        | Reached XP level 10. HP: 81/81 MP: 0/0
     4 | D        | Reached XP level 11. HP: 86/86 MP: 0/0
     4 | D        | Learned a level 5 spell: Blade Hands
     4 | D        | Reached XP level 12. HP: 92/92 MP: 0/0
     4 | D        | Became a worshipper of Makhleb the Destroyer
     5 | D        | Killed a bag of meat
     5 | D        | Killed a bag of meat
     5 | D        | Reached * piety under Makhleb
     5 | D        | Killed a meat berserker
     5 | D        | Killed a bag of meat
     5 | D        | Noticed a bag of meat
     6 | D        | Reached XP level 13. HP: 105/105 MP: 0/0
     6 | D        | Learned a level 5 spell: Metabolic Englaciation
     6 | D        | Reached XP level 14. HP: 112/112 MP: 0/0
     9 | D        | Killed a bag of meat
     9 | D        | Reached ** piety under Makhleb
     9 | D        | Noticed a bag of meat
     9 | D        | Noticed a bag of meat
    10 | D        | Reached skill level 15 in Dodging
    10 | D        | Reached XP level 15. HP: 118/118 MP: 0/0
    10 | D        | Learned a level 6 spell: Statue Form
    12 | D        | Reached skill level 15 in Axes
    12 | D        | Noticed a meat berserker
    13 | D        | Noticed a meat berserker
    13 | D        | Noticed a meat berserker
    14 | D        | Noticed a meat berserker
    15 | D        | Noticed a meat berserker
    16 | D        | Reached skill level 15 in Fighting
    17 | D        | Killed a meat berserker
    17 | D        | Reached *** piety under Makhleb
    17 | D        | Noticed a large bag of meat
    17 | D        | Noticed a meat berserker
    17 | D        | Noticed a large bag of meat
    18 | D        | Reached skill level 5 in Armour
    18 | D        | Reached XP level 16. HP: 24/129 MP: 0/0
    18 | D        | Killed a meat berserker
    18 | D        | Reached **** piety under Makhleb
    18 | D        | Noticed a meat berserker
    18 | D        | Noticed a meat berserker
    18 | D        | Noticed a meat berserker
    19 | D        | Reached skill level 5 in Throwing
    19 | D        | Reached skill level 27 in Spellcasting
    19 | D        | Reached XP level 17. HP: 118/141 MP: 0/0
    19 | D        | Learned a level 7 spell: Monstrous Menagerie
    19 | D        | Killed a meat berserker
    19 | D        | Reached ***** piety under Makhleb
    19 | D        | Killed a large bag of meat
    19 | D        | Noticed a large bag of meat
    20 | D        | Reached XP level 18. HP: 140/157 MP: 0/0
    20 | D        | Killed a meat berserker
    20 | D        | Killed a meat berserker
    20 | D        | Noticed a destroyer
    21 | D        | Reached skill level 27 in Axes
    22 | D        | Reached skill level 27 in Fighting
    22 | D        | Reached XP level 19. HP: 161/174 MP: 0/0
    22 | D        | Learned a level 6 spell: Death Channel
    22 | D        | Reached ****** piety under Makhleb
    22 | D        | Killed a meat berserker
    23 | D        | Reached skill level 15 in Throwing
    23 | D        | Reached skill level 27 in Dodging
    24 | D        | Killed a meat berserker
    24 | D        | Noticed a meat berserker
    25 | D        | Reached XP level 20. HP: 149/181 MP: 0/0
    25 | D        | Killed a meat berserker
    25 | D        | Killed a large bag of meat
    25 | D        | Noticed a destroyer
    25 | D        | Noticed a large bag of meat
    26 | D        | Reached skill level 27 in Armour
    26 | D        | Reached XP level 21. HP: 87/187 MP: 0/0
    26 | D        | Learned a level 7 spell: Ozocubu's Refrigeration
    26 | D        | Killed a destroyer
    26 | D        | Killed a meat berserker
    26 | D        | Noticed a meat berserker
    27 | D        | Reached skill level 27 in Throwing
    27 | D        | Killed a large bag of meat
    28 | D        | Reached XP level 22. HP: 184/194 MP: 0/0
    28 | D        | Killed a destroyer
    29 | D        | Reached skill level 10 in Maces & Flails
    29 | D        | Reached skill level 10 in Polearms
    29 | D        | Reached skill level 10 in Ranged Weapons
    29 | D        | Killed a large bag of meat
    30 | D        | Reached XP level 23. HP: 197/201 MP: 0/0
    30 | D        | Learned a level 8 spell: Summon Horrible Things
    30 | D        | Noticed a destroyer
    31 | D        | Noticed a large bag of meat
    32 | D        | Reached skill level 15 in Shields
    32 | D        | Reached skill level 15 in Unarmed Combat
    32 | D        | Reached skill level 15 in Invocations
    32 | D        | Reached skill level 15 in Evocations
    32 | D        | Killed a large bag of meat
    32 | D        | Noticed a destroyer
    33 | D        | Reached skill level 15 in Long Blades
    33 | D        | Reached skill level 15 in Staves
    33 | D        | Reached skill level 15 in Stealth
    33 | D        | Reached XP level 24. HP: 207/208 MP: 0/0
    33 | D        | Killed a destroyer
    33 | D        | Killed a destroyer
    35 | D        | Reached XP level 25. HP: 209/214 MP: 0/0
    35 | D        | Learned a level 8 spell: Lehudib's Crystal Spear
    36 | D        | Noticed a destroyer
    36 | D        | Killed a destroyer
    37 | D        | Reached XP level 26. HP: 221/221 MP: 0/0
    37 | D        | Noticed a destroyer
    37 | D        | Killed a destroyer
    38 | D        | Noticed a destroyer
    38 | D        | Killed a destroyer
    38 | D        | Noticed a large bag of meat
    38 | D        | Noticed a destroyer
    39 | D        | Killed a destroyer
    39 | D        | Noticed a destroyer
    39 | D        | Noticed a large bag of meat
    40 | D        | Reached skill level 27 in Stealth
    40 | D        | Reached XP level 27. HP: 228/228 MP: 0/0
    40 | D        | Learned a level 9 spell: Polar Vortex
    40 | D        | Noticed a destroyer
    40 | D        | Killed a destroyer
    40 | D        | Killed a large bag of meat
    41 | D        | Killed a destroyer
    41 | D        | Killed a large bag of meat
    41 | D        | Noticed a destroyer
    41 | D        | Noticed a destroyer
    41 | D        | Noticed a destroyer
    42 | D        | Killed a destroyer
    42 | D        | Killed a destroyer
    43 | D        | Reached skill level 27 in Short Blades
    43 | D        | Reached skill level 27 in Shields
    43 | D        | Reached skill level 27 in Unarmed Combat
    43 | D        | Reached skill level 27 in Invocations
    43 | D        | Reached skill level 27 in Evocations
    43 | D        | Killed a destroyer
    44 | D        | Reached skill level 27 in Long Blades
    44 | D        | Reached skill level 27 in Staves
    44 | D        | Noticed a destroyer
    44 | D        | Noticed a destroyer
    44 | D        | Killed a destroyer
    45 | D        | Reached skill level 27 in Maces & Flails
    45 | D        | Reached skill level 27 in Polearms
    45 | D        | Reached skill level 27 in Ranged Weapons
    45 | D        | Killed a destroyer
    46 | D        | Noticed a tyrant
    47 | D        | Killed a tyrant
    48 | D        | Noticed a large bag of meat
    49 | D        | Killed a large bag of meat
    49 | D        | Noticed a tyrant
    50 | D        | Killed a tyrant
    51 | D        | Noticed a destroyer
    51 | D        | Killed a destroyer
    51 | D        | Noticed a destroyer
    52 | D        | Killed a destroyer
    54 | D        | Noticed an accursed
    54 | D        | Noticed a large bag of meat
    55 | D        | Killed an accursed
    55 | D        | Killed a large bag of meat
    56 | D        | Noticed a destroyer
    56 | D        | Noticed a tyrant
    56 | D        | Noticed a large bag of meat
    56 | D        | Noticed a tyrant
    57 | D        | Killed a tyrant
    57 | D        | Noticed The Servant
    58 | D        | Killed a large bag of meat
    58 | D        | Annihilated by a destroyer

Illustrated notes

Levels and vault maps discovered:
D:        meatsprint

Skill      XL: |  1  2  3  4  5  6  7  8  9 10 11 12 13 14 15 16 17 18 19 20 21 22 23 24 25 26 27 |
---------------+----------------------------------------------------------------------------------+-----
Fighting       | 10 14 16 19 22 27 | 27.0
Axes           | 9 14 17 21 26 27 | 27.0
Throwing       | 3 4 5 6 8 20 25 27 | 27.0
Armour         | 3 4 5 7 23 27 | 27.0
Dodging        | 11 14 15 16 18 20 23 27 | 27.0
Spellcasting   | 18 23 26 27 | 27.0
Short Blades   | 9 12 16 19 21 23 27 | 27.0
Long Blades    | 8 12 15 18 20 22 27 | 27.0
Maces & Flails | 7 11 14 17 18 20 27 | 27.0
Polearms       | 7 11 14 17 18 20 27 | 27.0
Staves         | 8 12 15 18 20 22 27 | 27.0
Ranged Weapons | 7 11 14 17 18 20 27 | 27.0
Stealth        | 8 12 15 18 20 27 | 27.0
Shields        | 9 13 17 20 22 23 27 | 27.0
Unarmed Combat | 9 13 17 20 22 23 27 | 27.0
Invocations    | 9 13 17 20 22 23 27 | 27.0
Evocations     | 9 13 17 20 22 23 27 | 27.0

Action                   |  1- 3 |  4- 6 |  7- 9 | 10-12 | 13-15 | 16-18 | 19-21 | 22-24 | 25-27 || total
-------------------------+-------+-------+-------+-------+-------+-------+-------+-------+-------++-------
Melee: Executioner's axe |     1 |       |       |     4 |     4 |     4 |    11 |    22 |    89 ||   135
 Cast: Manifold Assault  |       |       |       |     1 |       |       |     2 |     5 |    24 ||    32
       Death Channel     |       |       |       |       |       |       |     1 |       |       ||     1
Dodge: Dodged            |       |       |       |       |     1 |     1 |       |       |     1 ||     3
